 Dungeon Crawl Stone Soup version 0.17.0-7-gfadd4cc (webtiles) character file.

3599 George the Carver (level 9, -1/78 HPs)
             Began as a Minotaur Fighter on Nov 8, 2015.
             Was a Priest of Okawaru.
             Killed by divine providence
             ... invoked by an orc priest
              (15 damage)
             ... on level 8 of the Dungeon.
             The game lasted 00:13:47 (7886 turns).

George the Carver (Minotaur Fighter)                Turns: 7886, Time: 00:13:47

Health: -1/78      AC: 17    Str: 23    XL:     9   Next: 85%
Magic:  20/20      EV:  5    Int:  3    God:    Okawaru [***...]
Gold:   582        SH: 11    Dex: 11    Spells: 0 memorised, 8 levels left

rFire  . . .     SeeInvis .     V - +1 long sword
rCold  + . .     Clarity  .     R - +1 plate armour of the Skies Above {rElec MR+ MP+9 Int-2} (curse)
rNeg   . . .     SustAt   .     c - +0 shield
rPois  .         Gourm    .     (helmet restricted)
rElec  +         Spirit   .     q - +0 cloak
rCorr  .         Warding  .     N - +1 pair of gloves
rMut   .         Stasis   .     (no boots)
MR     +....                    (no amulet)
Stlth  ..........               (no ring)
                                G - ring of protection from cold

@: drained, somewhat resistant to hostile enchantments, extremely unstealthy
A: retaliatory headbutt, horns 2
a: Heroism, Renounce Religion


You were on level 8 of the Dungeon.
You worshipped Okawaru.
Okawaru was most pleased with you.
You were not hungry.

You visited 2 branches of the dungeon, and saw 9 of its levels.

You collected 582 gold pieces.

Inventory:

Hand Weapons
 V - a +1 long sword (weapon)
Armour
 c - a +0 shield (worn)
 q - a +0 cloak (worn)
 N - a +1 pair of gloves (worn)
 R - the cursed +1 plate armour of the Skies Above (worn) {rElec MR+ MP+9 Int-2}
   (You found it on level 8 of the Dungeon)

   It affects your intelligence (-2).
   It insulates you from electricity.
   It affects your resistance to hostile enchantments.
   It affects your magic capacity (+9).
   It has a curse placed upon it.
 S - a cursed -2 plate armour
Rods
 y - a +1 rod of destruction (10/10)
   (You found it on level 3 of the Dungeon)
 I - a +1 rod of shadows (9/9)
   (You found it on level 7 of the Dungeon)
Jewellery
 r - an uncursed ring of ice
 G - a ring of protection from cold (left hand)
Wands
 E - a wand of lightning (7)
 P - a wand of fire (6)
 U - a wand of polymorph (12)
Scrolls
 f - 3 scrolls of amnesia {unknown}
 i - 4 scrolls of remove curse {unknown}
 j - 13 scrolls of identify {unknown}
 l - 5 scrolls of noise {unknown}
 n - a scroll of fear {unknown}
 o - 2 scrolls of blinking {unknown}
 s - a scroll of fog {unknown}
 t - 6 scrolls of teleportation {unknown}
 C - 2 scrolls of enchant armour {unknown}
 Q - a scroll of torment {unknown}
 T - a scroll of recharging {unknown}
Potions
 d - 4 potions of might
 g - 2 potions of brilliance {unknown}
 h - 6 potions of curing
 k - 2 potions of haste {unknown}
 p - 2 potions of poison {unknown}
 v - 2 potions of agility {unknown}
 x - 2 potions of degeneration {unknown}
 z - 2 potions of heal wounds {unknown}
 D - a potion of magic {unknown}
 H - a potion of lignification {unknown}
 L - a potion of invisibility {unknown}
 O - a potion of ambrosia {unknown}
Comestibles
 e - 2 bread rations
 m - 4 meat rations
 u - a beef jerky
 J - a slice of pizza
 W - 2 chunks of flesh


   Skills:
 + Level 6.8(6.7) Fighting
 + Level 12.3(12.1) Long Blades
 + Level 6.6(6.5) Armour
 + Level 6.9(6.8) Shields
 + Level 4.5(4.4) Invocations


You had 8 spell levels left.
You didn't know any spells.

Dungeon Overview and Level Annotations

Branches:
Dungeon (8/15)             Temple (1/1) D:6            Lair (0/8) D:8

Altars:
Cheibriados
Dithmenos
Elyvilon
Fedhas
Gozag
Kikubaaqudgha
Nemelex Xobeh
Okawaru
Qazlal
Ru
Sif Muna
Trog
Vehumet
Yredelemnul
Zin

Shops:
D:8 *


Innate Abilities, Weirdness & Mutations

You reflexively headbutt those who attack you in melee.
You have a pair of horns on your head.


Message History

The orc warrior hits you with a battleaxe!
The orc priest mumbles some strange prayers to Beogh against you.
Something smites you!
* * * LOW HITPOINT WARNING * * *
Your shield and plate armour of the Skies Above prevent you from hitting the orc priest.
The orc priest is severely wounded.
The orc priest hits you.
* * * LOW HITPOINT WARNING * * *
You block the orc warrior's attack.
You hit the orc priest.
You headbutt the orc priest, but do no damage.
The orc priest is almost dead.
The orc priest calls down the wrath of Beogh upon you.
Something smites you!
* * * LOW HITPOINT WARNING * * *
Drink which item? (? for menu, Esc to quit)
It was a potion of curing.
You feel better.
The orc priest mumbles some strange prayers to Beogh against you.
Something smites you!
You die...

...........#######'####+##....#
...........#.............#....#
...........#.............#....#
...........#..####..###.##....#
####..<....## ####..###.#.....# #
#.......# #.........#.....# #
#.......# #....[....'.....###
####.......# ##....#####.....#..
...........#####@...##..##.)..#..
...........#...#o...>#...#.......
...........#...o...:.#...'.......
...........#...#.....#...#......#
####.......#..####..######......#
#.).....#..####..###..##.....#
#.......#.....#........#......
####.......#.....#........#......
...........#.....#........#......


You could see an orc warrior and an orc priest.

Vanquished Creatures
  Pikel (D:7)
  The ghost of abbott299 the Chopper, an amateur HuFi (D:4)
  A slime creature (D:7)
  A two-headed ogre (D:8)
  A hungry ghost (D:7)
  A hippogriff (D:6)
  An orc warrior (D:8)
  2 ogres
  4 slaves (D:5)
  An ice beast (D:7)
  A sky beast (D:8)
  3 centaurs
  4 giant frogs
  A gnoll sergeant (D:7)
  A water moccasin zombie (D:6)
  A scorpion (D:4)
  5 wights (D:8)
  A giant frog zombie (D:7)
  6 jellies
  2 crimson imps
  A centaur zombie (D:7)
  4 iguanas
  Crazy Yiuf (D:3)
  A centaur skeleton (D:5)
  A giant frog skeleton (D:8)
  6 worker ants
  A hound (D:6)
  A hound skeleton (D:5)
  A worker ant zombie (D:6)
  3 gnolls (D:7)
  9 adders
  12 oozes
  5 worms
  2 adder skeletons (D:6)
  3 giant geckos
  11 orcs
  2 ball pythons
  10 hobgoblins
  7 kobolds
  5 quokkas
  5 bats
  5 giant cockroaches
  6 giant newts
  4 goblins
  8 jackals
  10 rats
163 creatures vanquished.

Vanquished Creatures (others)
  A bush (D:5)
  7 fungi (D:7)
8 creatures vanquished.

Grand Total: 171 creatures vanquished

Notes
Turn   | Place    | Note
--------------------------------------------------------------
     0 | D:1      | George the Minotaur Fighter began the quest for the Orb.
     0 | D:1      | Reached XP level 1. HP: 19/19 MP: 0/0
   118 | D:1      | Reached XP level 2. HP: 26/26 MP: 1/1
   344 | D:1      | Reached skill level 4 in Long Blades
   584 | D:1      | Reached XP level 3. HP: 31/31 MP: 2/2
   915 | D:2      | Reached skill level 5 in Long Blades
  1168 | D:2      | Found a blossoming altar of Fedhas.
  1365 | D:3      | Reached XP level 4. HP: 37/39 MP: 3/3
  1416 | D:3      | Noticed Crazy Yiuf
  1422 | D:3      | Killed Crazy Yiuf
  1517 | D:3      | Found a white marble altar of Elyvilon.
  1574 | D:3      | Found a basalt altar of Yredelemnul.
  1674 | D:3      | Reached skill level 6 in Long Blades
  1935 | D:3      | Reached XP level 5. HP: 40/45 MP: 4/4
  2005 | D:3      | Found a shadowy altar of Dithmenos.
  2088 | D:3      | Identified a +1 rod of destruction (10/10) (You found it on level 3 of the Dungeon)
  2283 | D:4      | Noticed abbott299's ghost (amateur HuFi)
  2284 | D:4      | Reached skill level 7 in Long Blades
  2547 | D:4      | Found an ancient bone altar of Kikubaaqudgha.
  2922 | D:3      | Reached XP level 6. HP: 36/51 MP: 5/5
  3037 | D:4      | Killed abbott299's ghost
  3037 | D:4      | Reached skill level 9 in Long Blades
  3910 | D:5      | Entered Level 5 of the Dungeon
  3935 | D:5      | Noticed Pikel
  4099 | D:5      | Reached XP level 7. HP: 57/57 MP: 6/6
  4431 | D:5      | Reached skill level 10 in Long Blades
  4627 | D:5      | Found an opulent altar of Gozag.
  4628 | D:5      | Found a sparkling altar of Nemelex Xobeh.
  4724 | D:5      | You fall through a shaft for 2 floors!
  4761 | D:7      | Identified a +1 rod of shadows (9/9) (You found it on level 7 of the Dungeon)
  4906 | D:6      | Found a staircase to the Ecumenical Temple.
  4911 | D:6      | Reached skill level 11 in Long Blades
  4918 | Temple   | Entered the Ecumenical Temple
  4969 | Temple   | Became a worshipper of Warmaster Okawaru
  5174 | D:6      | Reached XP level 8. HP: 66/66 MP: 7/7
  5243 | D:6      | Reached skill level 1 in Invocations
  5615 | D:6      | Reached * piety under Okawaru
  5811 | D:7      | Killed Pikel
  5811 | D:7      | Reached skill level 5 in Fighting
  5811 | D:7      | Reached skill level 5 in Armour
  5811 | D:7      | Reached skill level 5 in Shields
  5996 | D:7      | Found an opulent altar of Gozag.
  6031 | D:7      | Reached XP level 9. HP: 63/74 MP: 10/10
  6293 | D:7      | Reached ** piety under Okawaru
  6314 | D:7      | Noticed a slime creature
  6340 | D:7      | Killed a slime creature
  6978 | D:8      | Got a faintly humming plate armour
  6989 | D:8      | Identified the cursed +1 plate armour of the Skies Above {rElec MR+ MP+9 Int-2} (You found it on level 8 of the Dungeon)
  7027 | D:8      | Reached skill level 12 in Long Blades
  7174 | D:8      | Found a staircase to the Lair.
  7367 | D:8      | Found Egycuarch's Assorted Antiques.
  7746 | D:8      | Reached *** piety under Okawaru
  7886 | D:8      | Killed from afar by an orc priest

Action                   |  1- 3 |  4- 6 |  7- 9 || total
-------------------------+-------+-------+-------++-------
Melee: Long sword        |   120 |   189 |   350 ||   659
Invok: Heroism           |       |       |     1 ||     1
Evoke: Rod               |       |     2 |       ||     2
  Use: Potion            |       |       |     1 ||     1
  Eat: Chunk             |     1 |    10 |    10 ||    21
       Bread ration      |       |       |     1 ||     1
